 Dungeon Crawl Stone Soup version 0.29-a0-90-gc37658a0fe (webtiles) character file.

Game seed: 9102950120546041426

4817 Gargoyl the Cleaver (level 10, -4/64 HPs)
             Began as a Gargoyle Abyssal Knight on Feb 6, 2022.
             Was an Elder of Lugonu.
             Slain by a skeletal warrior (17 damage)
             ... led by a skeletal warrior
             ... on level 8 of the Dungeon.
             The game lasted 00:12:28 (10855 turns).

Gargoyl the Cleaver (Gargoyle Abyssal Knight)      Turns: 10855, Time: 00:12:29

Health: -4/64      AC: 26    Str: 21    XL:     10   Next: 48%
Magic:  11/11      EV:  7    Int: 17    God:    Lugonu [****..]
Gold:   143        SH:  0    Dex: 10    Spells: 9/9 levels left

rFire   . . .      SeeInvis .   g - +2 flail (holy)
rCold   . . .      Faith    .   i - orb {light}
rNeg    + . .      Spirit   .   b - +0 plate armour
rPois   ∞          Reflect  .   l - +0 helmet
rElec   +          Harm     .   c - +2 cloak {rCorr}
rCorr   +          Rampage  .   (no gloves)
Will    .....                   (no boots)
Stlth   ..........              (no amulet)
HPRegen 1.00/turn               n - +6 ring of intelligence
MPRegen 0.12/turn               (no ring)

@: flying, glowing
A: sickness immunity, AC +7, negative energy resistance 1, electricity
resistance, torment resistance 1, petrification resistance, big wings,
regeneration 1, shaggy fur 1
a: Renounce Religion, Depart the Abyss, Bend Space, Banish, Corrupt


You were on level 8 of the Dungeon.
You worshipped Lugonu.
Lugonu was greatly pleased with you.
You visited 1 branch of the dungeon, and saw 9 of its levels.
You visited the Abyss 1 time.

You collected 367 gold pieces.
You spent 224 gold pieces at shops.

Inventory:

Hand Weapons
 a - a +3 hand axe of flaming
 g - a +2 flail of holy wrath (weapon)
 h - a +0 vorpal war axe
Missiles
 j - 12 poisoned darts
 t - 6 curare-tipped darts (quivered)
Armour
 b - a +0 plate armour (worn)
 c - a +2 cloak of preservation (worn)
 i - an orb of light (worn)
 l - a +0 helmet (worn)
Jewellery
 n - a +6 ring of intelligence (left hand)
Wands
 s - a wand of acid (14)
Scrolls
 d - 2 scrolls of fog
 e - 8 scrolls of teleportation
 f - a scroll of identify
 k - a scroll of fear
 q - 2 scrolls of silence
Potions
 m - 2 potions of curing
 o - 2 potions of invisibility


   Skills:
 + Level 7.8 Fighting
 + Level 9.4(9.6) Axes
 + Level 2.7(7.1) Maces & Flails
 + Level 1.6 Throwing
 + Level 8.4 Armour
 + Level 3.0 Dodging
 + Level 1.7 Stealth
 + Level 2.1 Invocations


You had 9 spell levels left.
You didn't know any spells.
Your spell library contained the following spells:

 Spells                   Type           Power      Damage    Failure   Level
 Pain                     Necr           0%         1d4       99%         1
 Tukima's Dance           Hex            0%         N/A       100%        3
 Passage of Golubria      Tloc           0%         N/A       100%        4
 Agony                    Necr           0%         N/A       100%        5
 Excruciating Wounds      Necr           0%         N/A       100%        5
 Yara's Violent Unravell  Hex/Tmut       0%         3d3       100%        5


Dungeon Overview and Level Annotations

Branches:
Dungeon (9/15)             Temple (0/1) D:4
   Lair: D:8-11         Orc: D:9-12

Altars:
Ashenzari
Fedhas
Gozag
Hepliaklqana
Trog
Vehumet
Zin
The Shining One

Shops:
D:1 *   D:7 *?


Innate Abilities, Weirdness & Mutations

You are immune to sickness and miasma.
Your stone body is resilient. (AC +7)
You are immune to poison.
You resist negative energy. (rN+)
You are resistant to electric shocks. (rElec)
You are resistant to unholy torment.
You are immune to petrification.
Your large and strong wings let you fly.
Your natural rate of healing is unusually fast.
You are covered in fur. (AC +1)


Message History

The skeletal warrior hits you with a +0 flail!
You hit the skeletal warrior.
The skeletal warrior convulses.
The skeletal warrior is heavily damaged.
The skeletal warrior hits you with a +0 flail.
You completely miss the skeletal warrior.
The skeletal warrior is heavily damaged.
The skeletal warrior hits you with a +0 flail.
You completely miss the skeletal warrior.
The skeletal warrior is heavily damaged.
The skeletal warrior hits you but does no damage.
You hit the skeletal warrior but do no damage.
The skeletal warrior is heavily damaged.
The skeletal warrior hits you but does no damage.
You hit the skeletal warrior but do no damage.
The skeletal warrior is heavily damaged.
The skeletal warrior hits you but does no damage.
You hit the skeletal warrior.
The skeletal warrior convulses.
The skeletal warrior is heavily damaged.
The skeletal warrior hits you but does no damage.
You hit the skeletal warrior but do no damage.
The skeletal warrior is heavily damaged.
The skeletal warrior barely misses you.
You barely miss the skeletal warrior.
The skeletal warrior is heavily damaged.
The skeletal warrior hits you with a +0 flail!!
You hit the skeletal warrior.
The skeletal warrior convulses.
The skeletal warrior is heavily damaged.
The skeletal warrior hits you with a +0 flail!
* * * LOW HITPOINT WARNING * * *
You hit the skeletal warrior but do no damage.
The skeletal warrior is heavily damaged.
The skeletal warrior hits you but does no damage.
You sock the skeletal warrior!
The skeletal warrior convulses.
The skeletal warrior is severely damaged.
The skeletal warrior hits you with a +0 flail!
* * * LOW HITPOINT WARNING * * *
You hit the skeletal warrior but do no damage.
The skeletal warrior is severely damaged.
The skeletal warrior hits you with a +0 flail!
You die...

#.##.## ##......##.###.#.#
###.###.###.#...#.##.# #.#.#
#.................##.###.#.#
#.#.###.######.#####.......#
#.#.# #.# #.# #####.### #.#.#
#.# ##'## #)# #.#.# #.#
##...## #)# #.#.###.#
##..z..## #)#
#.#..##.###....@..## ##.##
##.#...#.##.........####...##
..........'.........+.......#
###....####.........####...##
#...## ##.......## ##.##
#.### ##.....## #.# #.#
##...## #.# ###.##### ##'##
### #.# ........#### #>#
##.## #.#


You could see a skeletal warrior.

Vanquished Creatures
  The ghost of Telegenic the Chopper, a novice DDBe of Trog (D:4)
  2 centaur zombies
  A hornet (D:7)
  6 yaks (D:9)
  2 steam dragons
  Edmund (D:4)
  5 water moccasins
  3 ice beasts
  3 orc warriors
  A necrophage (D:5)
  An ogre (D:5)
  A centaur (D:7)
  A sky beast (D:7)
  2 phantoms
  A kobold brigand (D:7)
  2 bullfrogs
  A wyvern zombie (D:5)
  2 howler monkeys (D:8)
  3 hounds
  5 orc priests
  A gnoll shaman (D:5)
  A jelly (D:3)
  Crazy Yiuf (D:3)
  Ijyb (D:4)
  3 iguanas
  2 orc wizards (D:7)
  A killer bee zombie (D:5)
  A mummy (D:5)
  Robin (D:4)
  8 gnolls
  A howler monkey skeleton (D:6)
  6 adders
  A white imp (D:7)
  3 adder skeletons (D:4)
  5 worms
  A dart slug (D:4)
  19 orcs
  A bat (D:3)
  10 endoplasms
  4 giant cockroaches
  14 goblins
  11 hobgoblins
  9 jackals
  2 quokkas (D:3)
  6 ball pythons
  6 frilled lizards
  5 kobolds
  5 rats
173 creatures vanquished.

Vanquished Creatures (others)
  A fungus (D:2)
  2 plants (D:2)
3 creatures vanquished.

Grand Total: 176 creatures vanquished

Notes
Turn   | Place    | Note
-------+----------+-------------------------------------------
     0 | Abyss:1  | Gargoyl the Gargoyle Abyssal Knight began the quest for the
                  | Orb.
     0 | Abyss:1  | Reached XP level 1. HP: 14/14 MP: 2/2
    73 | Abyss:1  | Noticed a profane servitor
    74 | D:1      | Escaped the Abyss
   234 | D:1      | Found Huisesist's General Store.
   243 | D:1      | Reached skill level 1 in Dodging
   301 | D:1      | Reached XP level 2. HP: 15/19 MP: 3/3
   308 | D:1      | Reached * piety under Lugonu
   309 | D:1      | Reached skill level 2 in Axes
  1264 | D:2      | Reached XP level 3. HP: 24/24 MP: 4/4
  1678 | D:2      | Identified the +5 leather armour of the Eight Boll Weevils
                  | {+Blink rF- rC- Str+8}
  1685 | D:2      | Found a faded altar of an unknown god.
  2055 | D:2      | Reached XP level 4. HP: 27/29 MP: 5/5
  2353 | D:3      | Reached ** piety under Lugonu
  2365 | D:3      | Reached skill level 3 in Axes
  3057 | D:3      | Found a runed translucent door.
  3058 | D:3      | Noticed Crazy Yiuf
  3068 | D:3      | HP: 2/64 [Crazy Yiuf (12)]
  3069 | D:3      | Killed Crazy Yiuf
  3070 | D:3      | Reached XP level 5. HP: 3/33 MP: 1/6
  3402 | D:4      | Noticed Edmund
  3416 | D:4      | Killed Edmund
  3417 | D:4      | Reached skill level 4 in Axes
  3417 | D:4      | Reached XP level 6. HP: 7/39 MP: 7/7
  3947 | D:4      | Found a staircase to the Ecumenical Temple.
  4091 | D:4      | Reached skill level 1 in Stealth
  4296 | D:4      | Noticed Ijyb
  4302 | D:4      | Paralysed by Ijyb for 3 turns
  4315 | D:4      | Killed Ijyb
  4380 | D:4      | Noticed Robin
  4401 | D:4      | Killed Robin
  4402 | D:4      | Reached XP level 7. HP: 36/44 MP: 8/8
  4426 | D:4      | Reached skill level 5 in Axes
  5131 | D:1      | Bought a +0 chain mail for 49 gold pieces
  5245 | D:5      | Entered Level 5 of the Dungeon
  5500 | D:5      | Reached skill level 5 in Fighting
  5896 | D:5      | Reached skill level 1 in Maces & Flails
  5949 | D:5      | Reached XP level 8. HP: 28/50 MP: 9/9
  6095 | D:5      | Reached *** piety under Lugonu
  6124 | D:5      | Found a runed translucent gate.
  6124 | D:5      | Found a runed translucent gate.
  6124 | D:5      | Found a runed translucent gate.
  6125 | D:5      | Noticed Telegenic's ghost (novice DDBe)
  6198 | D:4      | Killed Telegenic's ghost
  6199 | D:4      | Reached skill level 6 in Axes
  6782 | D:5      | Reached skill level 1 in Throwing
  7173 | D:6      | Reached skill level 5 in Armour
  7213 | D:6      | Reached XP level 9. HP: 29/55 MP: 10/10
  7378 | D:6      | Reached skill level 7 in Axes
  7965 | D:6      | Found a radiant altar of Vehumet.
  8317 | D:7      | Found Faotot's Magic Scroll Boutique.
  8336 | D:7      | Bought a scroll of teleportation for 39 gold pieces
  8336 | D:7      | Bought a scroll of enchant weapon for 97 gold pieces
  8336 | D:7      | Bought a scroll of teleportation for 39 gold pieces
  8447 | D:7      | Found Foapeqom's Fire Supplies.
  8501 | D:7      | Reached skill level 8 in Axes
  8594 | D:7      | Noticed a hornet
  8614 | D:7      | Killed a hornet
  8853 | D:7      | Reached XP level 10. HP: 28/63 MP: 11/11
  9458 | D:8      | Gained mutation: Your natural rate of healing is unusually
                  | fast. [potion of mutation]
  9458 | D:8      | Gained mutation: Your large and strong wings let you fly.
                  | [potion of mutation]
  9458 | D:8      | Gained mutation: You are covered in fur. (AC +1) [potion of
                  | mutation]
  9461 | D:8      | Found a glowing silver altar of Zin.
  9573 | D:8      | Found an opulent altar of Gozag.
  9574 | D:8      | Found a bloodstained altar of Trog.
  9798 | D:8      | Reached skill level 9 in Axes
  9875 | D:8      | Found a broken altar of Ashenzari.
 10241 | D:8      | Found a glowing golden altar of the Shining One.
 10244 | D:8      | Found a hazy altar of Hepliaklqana.
 10278 | D:8      | Found a blossoming altar of Fedhas.
 10536 | D:9      | Reached **** piety under Lugonu
 10656 | D:9      | Noticed a skeletal warrior
 10656 | D:9      | Noticed a skeletal warrior
 10656 | D:9      | Noticed a skeletal warrior
 10657 | D:9      | Noticed a skeletal warrior
 10855 | D:8      | Slain by a skeletal warrior

Illustrated notes

Levels and vault maps discovered:
D:1:      matt_arrival_refuge, layout_loops_ring, serial_shops,
          nicolae_shop_statue_plus
D:2:      layout_loops_ring, shapermc_ecumenical_altar_hornbeckon
D:3:      layout_rooms, uniq_crazy_yiuf_cottage
D:4:      layout_loops_corners, minmay_temple_entry_mist,
          minmay_stone_trees_small, amcnicky_mini_rare_corridor_liquid,
          minmay_liquid_box, uniq_robin, uniq_edmund, uniq_ijyb
D:5:      layout_basic, gup_ossuary_entry_pyramid, serial_rivers,
          chequers_serial_rivers_room_a, chequers_serial_rivers_micro_b,
          chequers_serial_rivers_large_b, chequers_serial_rivers_micro_b,
          chequers_serial_rivers_room_a, chequers_serial_rivers_large_a,
          ebering_ghost_rock_garden
D:6:      layout_loops_cross, lemuel_tele_altar
D:7:      layout_basic, serial_shops, nicolae_stop_n_shop_1,
          roderic_serpentine_path, nicolae_shop_fire_sale
          [nicolae_sub_dead_trees], mrwooster_statue_mirror,
          minmay_quadrilaterals
D:8:      layout_loops_corners, nicolae_overflow_hidden_temple,
          mainiacjoe_overflow_six_doors_small, evilmike_ruin_ashenzari,
          mainiacjoe_overflow_surrounded_room, kennysheep_cross_bottleneck
D:9:      wander_kiku_kobolds, layout_basic, hiddenorc1_lemuel, uniq_maggie

Skill      XL: |  1  2  3  4  5  6  7  8  9 10 |
---------------+-------------------------------+-----
Dodging        | 1 2 3 |  3.0
Axes           | 2 3 4 5 6 8 9 |  9.4
Fighting       | 4 5 6 7 |  7.8
Armour         | 3 5 7 8 |  8.4
Stealth        | 1 |  1.7
Maces & Flails | 1 2 |  2.7
Throwing       | 1 |  1.6
Invocations    | |  2.1

Action                   |  1- 3 |  4- 6 |  7- 9 | 10-12 || total
-------------------------+-------+-------+-------+-------++-------
Melee: Hand axe          |   119 |   162 |   276 |   123 ||   680
       Punch             |     1 |       |     3 |       ||     4
       Flail             |       |       |    40 |    24 ||    64
Throw: Dart              |       |       |    10 |       ||    10
Invok: Depart the Abyss  |     1 |       |       |       ||     1
       Bend Space        |       |       |       |     1 ||     1
  Use: Scroll            |     4 |     8 |     4 |     3 ||    19
       Potion            |       |     4 |     2 |     1 ||     7
 Stab: Sleeping          |       |     1 |       |       ||     1
Armor: Leather armour    |    52 |    69 |     7 |       ||   128
       Skin              |       |     5 |       |       ||     5
       Chain mail        |       |       |   121 |       ||   121
       Plate armour      |       |       |   136 |    89 ||   225
Dodge: Dodged            |    55 |    79 |   119 |    31 ||   284

Table legend: (Time is in decaauts)
 A = Elapsed time spent in this place.
 B = Non-inter-level travel time spent in this place.
 C = Inter-level travel time spent in this place.
 D = Time resting spent in this place.
 E = Time spent auto-exploring this place.
 F = Levels seen in this place.
 G = Mean time per level.
                   A        B        C        D        E       F      G
               +--------+--------+--------+--------+--------+-----+--------+
         Total |  10930 |  10503 |    427 |    791 |   7673 |  10 | 1093.0 |
       Dungeon |  10856 |  10429 |    427 |    791 |   7600 |   9 | 1206.2 |
         Abyss |     74 |     74 |      0 |      0 |     73 |   1 |   74.0 |
               +--------+--------+--------+--------+--------+-----+--------+

Top non-repeatable levels by time:
     D:4: 2319 daAuts
     D:5: 1407 daAuts
     D:1: 1241 daAuts
     D:7: 1229 daAuts
     D:3: 1133 daAuts
     D:2: 1093 daAuts
     D:6: 1045 daAuts
     D:8: 938 daAuts
     D:9: 448 daAuts
 Abyss:1: 74 daAuts
